 Dungeon Crawl Stone Soup version 0.26.0-57-g60708a5e39 (webtiles) character file.

Game seed: 8408735322720397986

2189 Gauvater the Cleaver (level 9, -2/67 HPs)
             Began as a Demonspawn Gladiator on Feb 1, 2021.
             Slain by an orc warrior
             ... wielding a +0 flail
              (19 damage)
             ... on level 7 of the Dungeon.
             The game lasted 00:37:52 (5071 turns).

Gauvater the Cleaver (Demonspawn Gladiator)         Turns: 5071, Time: 00:37:53

Health: -2/67      AC:  5    Str: 16    XL:     9   Next: 12%
Magic:  9/9        EV: 14    Int: 11    God:
Gold:   652        SH:  0    Dex: 15    Spells: 8/8 levels left

rFire    . . .     SeeInvis .   a - +0 war axe
rCold    . . .     Faith    .   (no shield)
rNeg     . . .     Spirit   .   b - +0 leather armour
rPois    .         Reflect  .   (helmet restricted)
rElec    .         Harm     .   A - +0 cloak
rCorr    .         Rampage  .   H - +0 pair of gloves
Will     .....                  (no boots)
Stlth    ++........             f - amulet of regeneration
HPRegen  0.61/turn              (no ring)
MPRegen  0.11/turn              (no ring)

@: no status effects
A: claws 1, horns 2, talons 2, powered by death 1
a: no special abilities


You were on level 7 of the Dungeon.
You visited 1 branch of the dungeon, and saw 7 of its levels.
You also visited: Ossuary.

You collected 652 gold pieces.

Inventory:

Hand Weapons
 a - a +0 war axe (weapon)
 d - a +0 dagger of speed
 g - a +0 hunting sling
 F - a +0 shortbow
Missiles
 i - 38 sling bullets
 o - 170 arrows
 p - 186 stones
 x - 42 poisoned darts (quivered)
 y - 4 boomerangs of dispersal
Armour
 b - a +0 leather armour (worn)
 c - a +0 helmet
 A - a +0 cloak (worn)
 H - a +0 pair of gloves (worn)
Magical Staves
 E - an uncursed staff of fire
Jewellery
 e - an uncursed amulet of the acrobat
 f - an amulet of regeneration (around neck)
Wands
 G - a wand of enslavement (13)
 I - a wand of acid (11)
 K - a wand of flame (11)
Scrolls
 h - 2 scrolls of blinking
 k - 2 scrolls of fear
 n - a scroll of amnesia
 q - 2 scrolls of fog
 s - 7 scrolls of remove curse
 t - a scroll of teleportation {unknown}
 u - 2 scrolls of random uselessness {unknown}
 v - a scroll of immolation {unknown}
 z - 4 scrolls of magic mapping {unknown}
 B - a scroll of noise {unknown}
 J - a scroll of enchant armour {unknown}
Potions
 j - 3 potions of flight
 l - 2 potions of brilliance {unknown}
 m - a potion of magic {unknown}
 r - a potion of ambrosia {unknown}
 w - a potion of curing
 C - 2 potions of heal wounds {unknown}
 D - a potion of lignification {unknown}


   Skills:
 * Level 4.8 Fighting
 + Level 8.0 Axes
 + Level 0.4 Staves
 + Level 0.4(2.1) Slings
 + Level 3.3 Throwing
 + Level 3.3 Armour
 + Level 5.1 Dodging
 + Level 2.4 Stealth


You had 8 spell levels left.
You didn't know any spells.
Your spell library contained the following spells:

 Spells                   Type           Power        Failure   Level
 Beastly Appendage        Tmut           0%           38%         1
 Magic Dart               Conj           0%           38%         1
 Blink                    Tloc           N/A          54%         2
 Call Imp                 Summ           0%           54%         2
 Slow                     Hex            0%           54%         2
 Wereblood                Tmut           0%           54%         2
 Conjure Flame            Conj/Fire      0%           77%         3
 Mephitic Cloud           Conj/Pois/Air  0%           77%         3
 Spider Form              Tmut/Pois      0%           77%         3
 Ice Form                 Ice/Tmut       0%           99%         4
 Blade Hands              Tmut           0%           100%        5


Dungeon Overview and Level Annotations

Branches:
Dungeon (7/15)             Temple (0/1) D:7         Ossuary (visited)

Altars:
Dithmenos
Kikubaaqudgha
Qazlal
Uskayaw
Xom

Shops:
D:4 [

Annotations:
D:5 2 transporters, Banto's ghost, novice FoAK


Innate Abilities, Weirdness & Mutations

You have sharp fingernails.
You have a pair of horns on your head.
You have razor-sharp toenails.
You regenerate a little health from kills.


Message History

Deactivating autopickup; reactivate with Ctrl-A.
The orc warrior closely misses you.
You hit the orc warrior but do no damage.
You claw the orc warrior. Your headbutt misses the orc warrior.
The orc warrior is severely wounded.
The orc warrior hits you with a +0 flail!
* * * LOW HITPOINT WARNING * * *
You feel better. The orc warrior barely misses you.
You hit the orc warrior but do no damage.
The orc warrior is severely wounded.
The orc warrior misses you.
You closely miss the orc warrior.
You claw the orc warrior, but do no damage.
The orc warrior is severely wounded.
The phantom blinks!
The orc warrior barely misses you.
You hit the orc warrior but do no damage.
You headbutt the orc warrior!
The orc warrior is almost dead.
The orc warrior hits you with a +0 flail!!
You die...

.#. #.. #.# #.#
#.# #.# #.# #>
#. #.# #..# #.#
#@# #.. #.# #o#
###.##.#####o#
.#........((ยง{#
......?....<..##
...............#
...............#
.......<.....).#
.......W.......#


You could see an orc warrior and an orc.

Vanquished Creatures
  Grinder (D:6)
  Sigmund (D:2)
  Duvessa (D:3)
  2 sky beasts
  A black bear (D:6)
  A centaur (D:7)
  An elf zombie (Ossuary)
  4 lemures (D:4)
  Blork the orc (D:6)
  4 bullfrogs (D:6)
  3 scorpions
  Dowan (D:4)
  A howler monkey (D:5)
  A bullfrog zombie (D:4)
  A human zombie (Ossuary)
  2 orc priests
  A jelly (D:5)
  3 orc wizards
  2 hounds
  Jessica (D:2)
  Ijyb (D:4)
  An iguana (D:4)
  4 worker ants (D:4)
  3 mummies (Ossuary)
  A hound skeleton (D:4)
  A howler monkey skeleton (D:6)
  9 adders
  2 oozes
  3 adder zombies (Ossuary)
  An adder skeleton (D:4)
  A dart slug (D:1)
  2 worms
  2 leopard geckos (D:2)
  11 orcs
  2 ball pythons (D:1)
  4 bats
  4 giant cockroaches
  4 goblins
  6 hobgoblins
  6 jackals (D:2)
  9 kobolds
  4 quokkas
  5 frilled lizards
  5 goblin zombies (Ossuary)
  2 hobgoblin zombies (Ossuary)
  A kobold zombie (Ossuary)
  A leopard gecko skeleton (D:4)
  An orc zombie (Ossuary)
  A quokka zombie (Ossuary)
  8 rats
  3 rat zombies (Ossuary)
141 creatures vanquished.

Notes
Turn   | Place    | Note
-------+----------+-------------------------------------------
     0 | D:1      | Gauvater the Demonspawn Gladiator began the quest for the
                  | Orb.
     0 | D:1      | Reached XP level 1. HP: 16/16 MP: 1/1
   196 | D:1      | Gained mutation: You have a pair of small horns on your
                  | head. [demonic ancestry]
   196 | D:1      | Reached XP level 2. HP: 22/22 MP: 2/2
   353 | D:1      | Reached skill level 3 in Axes
   416 | D:1      | Gained mutation: You regenerate a little health from kills.
                  | [demonic ancestry]
   416 | D:1      | Reached XP level 3. HP: 27/27 MP: 3/3
   785 | D:2      | Found a hide-covered altar of Uskayaw.
   847 | D:2      | Reached skill level 1 in Armour
   985 | D:2      | Noticed Sigmund
   991 | D:2      | Found a shadowy altar of Dithmenos.
   997 | D:2      | Killed Sigmund
   998 | D:2      | Reached skill level 4 in Axes
   998 | D:2      | Gained mutation: You have a pair of horns on your head.
                  | [demonic ancestry]
   998 | D:2      | Reached XP level 4. HP: 24/34 MP: 4/4
   998 | D:2      | Gained mutation: You have sharp toenails. [demonic
                  | ancestry]
   998 | D:2      | Reached XP level 5. HP: 28/39 MP: 5/5
  1520 | D:2      | Noticed Jessica
  1522 | D:2      | Killed Jessica
  1523 | D:2      | Reached XP level 6. HP: 46/46 MP: 6/6
  1679 | D:3      | Found an ancient bone altar of Kikubaaqudgha.
  2172 | D:4      | Reached skill level 5 in Axes
  2309 | D:4      | Reached skill level 1 in Stealth
  2398 | D:4      | Gained mutation: You have sharp fingernails. [demonic
                  | ancestry]
  2398 | D:4      | Reached XP level 7. HP: 51/52 MP: 7/7
  2403 | D:4      | Found Peck's Armour Shop.
  2638 | D:4      | Noticed Ijyb
  2653 | D:4      | Killed Ijyb
  2780 | D:4      | Found a sand-covered staircase.
  2789 | Ossuary  | Entered an ossuary
  2931 | Ossuary  | Reached skill level 6 in Axes
  3305 | D:4      | Noticed Dowan
  3305 | D:4      | Noticed Duvessa
  3328 | D:4      | Killed Dowan
  3357 | D:3      | Killed Duvessa
  3677 | D:5      | Entered Level 5 of the Dungeon
  3767 | D:5      | Reached XP level 8. HP: 60/60 MP: 8/8
  3831 | D:5      | Found a stormy altar of Qazlal.
  3857 | D:5      | Found a transporter.
  3873 | D:5      | Found a transporter.
  3880 | D:5      | Noticed Banto's ghost (novice FoAK)
  4142 | D:6      | Noticed Blork the orc
  4143 | D:6      | Noticed Grinder
  4157 | D:6      | Reached skill level 7 in Axes
  4258 | D:7      | Found a staircase to the Ecumenical Temple.
  4413 | D:6      | Killed Grinder
  4414 | D:6      | Reached skill level 5 in Dodging
  4553 | D:6      | Found a shimmering altar of Xom.
  4839 | D:6      | Killed Blork the orc
  4869 | D:6      | Gained mutation: You have razor-sharp toenails. [demonic
                  | ancestry]
  4869 | D:6      | Reached XP level 9. HP: 62/66 MP: 9/9
  5050 | D:7      | Reached skill level 8 in Axes
  5071 | D:7      | Slain by an orc warrior

Illustrated notes

Levels and vault maps discovered:
D:1:      enne_arrival_octagon_isle, layout_basic, minmay_tetromino_o4
D:2:      layout_basic, grunt_dithmenos_smoke, lemuel_doored_altar,
          uniq_jessica, uniq_sigmund
D:3:      cheibrodos_helix_gallery, layout_rooms, overflow_temple_1_default,
          chequers_serial_rivers_marsh, kennysheep_pointless_box,
          nicolae_underground_beach
D:4:      layout_loops_corners, serial_shops, shop_coins,
          nicolae_ossuary_entry_monument, amethyst_killhole, uniq_duvessa,
          uniq_ijyb, uniq_pikel
D:5:      layout_rooms, kennysheep_mini, gammafunk_ghost_stat_death
D:6:      layout_basic, basic_altar, uniq_grinder, uniq_blork_the_orc
D:7:      layout_rooms, zin_statuary, uniq_joseph, uniq_prince_ribbit1

Skill      XL: |  1  2  3  4  5  6  7  8  9 |
---------------+----------------------------+-----
Dodging        | 3 4 5 |  5.1
Axes           | 3 4 5 6 7 8 |  8.0
Armour         | 1 2 3 |  3.3
Throwing       | 2 3 |  3.3
Fighting       | 3 4 |  4.8
Stealth        | 1 2 |  2.4
Staves         | |  0.4
Slings         | |  0.4

Action                   |  1- 3 |  4- 6 |  7- 9 || total
-------------------------+-------+-------+-------++-------
Melee: War axe           |   100 |   108 |   254 ||   462
       Headbutt          |    16 |    17 |    50 ||    83
       Kick              |       |    24 |    83 ||   107
       Staff             |       |       |    15 ||    15
       Unarmed           |       |       |     1 ||     1
 Fire: Hunting sling     |       |       |     6 ||     6
Throw: Throwing net      |     2 |       |     5 ||     7
       Dart              |       |       |    18 ||    18
       Boomerang         |       |       |     3 ||     3
  Use: Scroll            |       |     4 |     5 ||     9
       Potion            |       |       |     6 ||     6
 Stab: Held in net/web   |     1 |       |       ||     1
       Sleeping          |       |     1 |     2 ||     3
Armor: Leather armour    |    20 |    25 |    58 ||   103
Dodge: Dodged            |    71 |    79 |   181 ||   331
